 Dungeon Crawl Stone Soup version 0.24.0-37-gcf1ca852f1 (webtiles) character file.

Game seed: 15796483532181238678, levelgen mode: deterministic

52716 Goreval the Unseen (level 14, -20/66 (67) HPs)
             Began as a Spriggan Enchanter on Dec 4, 2019.
             Was the Champion of Dithmenos.
             Killed from afar by Frances (41 damage)
             ... with a shard of ice
             ... on level 12 of the Dungeon.
             The game lasted 01:32:34 (23217 turns).

Goreval the Unseen (Spriggan Enchanter)            Turns: 23217, Time: 01:32:35

HP:   -20/66 (67)   AC:  2    Str:  4    XL:     14   Next: 28%
MP:   26/36         EV: 28    Int: 21    God:    Dithmenos [******]
Gold: 1349          SH:  0    Dex: 17    Spells: 15/30 levels left

rFire    + . .     SeeInvis +   W - +2 dagger (elec)
rCold    + . .     Gourm    .   (shield restricted)
rNeg     . . .     Faith    .   b - +0 robe
rPois    .         Spirit   .   (helmet restricted)
rElec    .         Reflect  .   O - scarf {rC+ rF+}
rCorr    .         Harm     .   (gloves unavailable)
MR       ++...                  (boots unavailable)
Stlth    ++++++++++             M - amulet of regeneration
HPRegen  0.61/turn              B - ring of magical power
MPRegen  0.25/turn              t - ring of stealth

@: wreathed by umbra, very quick
A: very small, unfitting armour, see invisible, herbivore, speed 3, slow
metabolism 2
a: Shadow Step, Shadow Form, Renounce Religion


You were on level 12 of the Dungeon.
You worshipped Dithmenos.
Dithmenos was exalted by your worship.
You were hungry.

You visited 4 branches of the dungeon, and saw 20 of its levels.

You collected 1349 gold pieces.

Inventory:

Hand Weapons
 k - a +4 dagger of speed
 W - a +2 dagger of electrocution (weapon)
Missiles
 i - 532 stones (quivered)
 L - 6 curare-tipped darts
Armour
 b - a +0 robe (worn)
 O - a scarf of resistance (worn)
 V - a +1 cloak
Jewellery
 t - a ring of stealth (right hand)
 B - a ring of magical power (left hand)
 D - an uncursed ring of poison resistance
 M - an amulet of regeneration (around neck)
 P - an uncursed ring of ice {unknown}
 R - an uncursed ring of positive energy
 T - an uncursed ring of resist corrosion
Wands
 y - a wand of flame (23)
 z - a wand of disintegration (8)
 A - a wand of paralysis (18)
 I - a wand of iceblast (7)
 K - a wand of polymorph (19)
Scrolls
 e - 4 scrolls of amnesia
 j - 2 scrolls of magic mapping
 o - 4 scrolls of blinking
 s - 6 scrolls of remove curse
 u - a scroll of identify
 v - a scroll of torment
 w - 10 scrolls of teleportation
 x - 2 scrolls of immolation {unknown}
 C - a scroll of enchant weapon
 E - a scroll of random uselessness {unknown}
 G - 3 scrolls of fog {unknown}
 H - 2 scrolls of enchant armour {unknown}
 J - a scroll of fear {unknown}
 S - 2 scrolls of holy word {unknown}
 U - a scroll of acquirement {unknown}
 X - 2 scrolls of silence {unknown}
Potions
 a - 5 potions of haste
 c - 3 potions of flight
 f - 9 potions of heal wounds
 g - 3 potions of berserk rage {unknown}
 h - 6 potions of agility
 l - a potion of cancellation {unknown}
 m - a potion of magic
 n - 7 potions of curing
 p - 3 potions of brilliance
 q - 4 potions of lignification
 r - a potion of invisibility {unknown}
 F - a potion of ambrosia {unknown}
 N - a potion of mutation {unknown}
 Q - a potion of resistance
Comestibles
 d - 23 rations


   Skills:
 + Level 4.9 Fighting
 - Level 12.0 Short Blades
 * Level 12.7 Dodging
 * Level 19.1 Stealth
 - Level 8.5 Spellcasting
 - Level 13.7 Hexes
 - Level 4.9 Translocations
 * Level 3.0 Transmutations
 + Level 6.4 Invocations


You had 15 spell levels left.
You knew the following spells:

 Your Spells              Type           Power        Failure   Level  Hunger
a - Ensorcelled Hibernat  Hex/Ice        #####.       1%          2    None
b - Confuse               Hex            ######..     1%          3    None
c - Dazzling Spray        Conj/Hex       #####.       1%          3    None
d - Teleport Other        Tloc           ####....     3%          3    None
e - Petrify               Tmut/Erth      ###.....     38%         4    ###....

Your spell library contained the following spells:

 Spells                   Type           Power        Failure   Level  Hunger
 Corona                   Hex            ######.      1%          1    None
 Tukima's Dance           Hex            ######..     1%          3    None
 Gell's Gravitas          Tloc           ####......   3%          3    None
 Passwall                 Tmut/Erth      ###.....     6%          2    None
 Animate Skeleton         Necr           N/A          8%          1    None
 Pain                     Necr           #...         8%          1    None
 Sandblast                Erth           #.....       8%          1    None
 Recall                   Summ/Tloc      N/A          9%          3    None
 Spider Form              Tmut/Pois      ###.......   12%         3    None
 Regeneration             Chrm/Necr      #.........   22%         3    None
 Stone Arrow              Conj/Erth      #.....       22%         3    None
 Vampiric Draining        Necr           #.........   22%         3    None
 Animate Dead             Necr           N/A          58%         4    ###....
 Lee's Rapid Deconstruct  Erth           #.........   91%         5    #####..
 Disjunction              Tloc           ####......   100%        8    #######


Dungeon Overview and Level Annotations

Branches:
Dungeon (12/15)            Temple (1/1) D:4            Lair (6/6) D:8
  Swamp (0/4) Lair:3       Spider (0/4) Lair:2        Slime (0/5) Lair:6
    Orc (1/2) D:9

Altars:
Ashenzari
Cheibriados
Dithmenos
Elyvilon
Fedhas
Gozag
Hepliaklqana
Kikubaaqudgha
Makhleb
Nemelex Xobeh
Okawaru
Qazlal
Ru
Sif Muna
Trog
Uskayaw
Vehumet
Wu Jian
Xom
Yredelemnul
Zin
The Shining One
Jiyva

Portals:
Hell: Lair:6

Annotations:
D:12 Frances
Lair:5 exclusion: 4 oklob plants


Innate Abilities, Weirdness & Mutations

You are very small and have problems with some larger weapons.
You are too small for most types of armour.
You have supernaturally acute eyesight. (SInv)
You are a herbivore.
You cover ground extremely quickly.
You need to consume almost no food.


Message History

Frances mutters in a terrible tongue.
The iron shot hits you!!!
Ouch! That really hurt!
* * * LOW HITPOINT WARNING * * *
You emit a cloud of dark smoke.
Frances mutters in a terrible tongue.
Frances seems to speed up.
Okay, then.
You fail to use your ability.
The floor, spattered with blood.
This square is wreathed by an umbra.
There is a cloud of black smoke here.
Frances mutters in a terrible tongue.
The iron shot misses you.
Frances screams a word of power!
The shard of ice misses you.
Frances screams a word of power!
The shard of ice hits you!!! You partially resist.
Ouch! That really hurt!
You die...

.###.....).........
.................##
.........§.§.#####
.........§§§§#
.........@§§§§#
..##.#.....§§§##
.....###.......####
#...............
##.....@.......#
###.[.........###
................#
##......((<....##
#.............##.
#.......[.........
#......##.........
......##..........
..... #..........


You could see Frances.

Vanquished Creatures
  Erolcha (D:10)
  Erica (D:10)
  A catoblepas (Lair:3)
  6 hydras
  3 two-headed ogres
  6 death yaks
  A death knight (D:11)
  Sonja (Lair:3)
  A sun demon (Lair:6)
  A wizard (Lair:6)
  Pikel (D:6)
  An ugly thing (D:11)
  An oklob plant (Lair:1)
  A cyclops (D:11)
  Joseph (D:7)
  A centaur zombie (D:10)
  6 black mambas
  4 elephants (Lair:5)
  2 orange demons (Lair:6)
  A torpor snail (Lair:6)
  13 spiny frogs
  3 rime drakes (Lair:6)
  5 ice devils
  7 komodo dragons
  A hellwing (Lair:6)
  A troll (D:8)
  A red devil (Lair:6)
  A hornet (D:11)
  Prince Ribbit (D:9)
  8 hippogriffs
  10 dream sheep (Lair:6)
  23 blink frogs
  2 shadows
  15 yaks
  A wyvern (Lair:6)
  A wraith (D:11)
  2 basilisks
  Eustachio (D:7)
  3 wargs (D:9)
  3 hell hounds (Lair:6)
  13 porcupines
  15 water moccasins
  8 orc warriors
  3 ice beasts
  6 sky beasts
  3 black bears
  An eye of draining (D:11)
  3 necrophages
  8 ogres
  6 phantoms
  6 wolves
  4 centaurs
  14 crocodiles
  17 bullfrogs
  5 gnoll sergeants
  A wyvern zombie (D:11)
  5 scorpions
  A water moccasin skeleton (D:8)
  22 killer bees
  A wight (D:6)
  A howler monkey (D:8)
  3 electric eels (D:9)
  5 crimson imps
  6 bullfrog zombies
  8 jellies
  3 centaur skeletons
  4 orc priests
  A hound (D:8)
  A bullfrog skeleton (D:12)
  2 hell rats (D:8)
  4 iguanas
  9 orc wizards
  12 worker ants
  A hound zombie (D:11)
  2 howler monkey zombies
  Robin (D:4)
  26 gnolls
  12 adders
  2 shadow imps
  7 oozes
  2 adder skeletons
  2 worms (D:2)
  2 dart slugs
  4 leopard geckos
  47 orcs
  A ball python (D:1)
  7 giant cockroaches
  21 goblins
  11 hobgoblins
  7 jackals
  9 quokkas
  2 bats (D:1)
  13 frilled lizards
  6 kobolds
  A leopard gecko zombie (D:5)
  A quokka skeleton (D:8)
  A quokka zombie (D:6)
  5 rats
537 creatures vanquished.

Vanquished Creatures (others)
  An adder skeleton (D:6)
  8 fungi
  3 plants
12 creatures vanquished.

Grand Total: 549 creatures vanquished

Notes
Turn   | Place    | Note
-------+----------+-------------------------------------------
     0 | D:1      | Goreval the Spriggan Enchanter began the quest for the Orb.
     0 | D:1      | Reached XP level 1. HP: 9/9 MP: 5/5
   407 | D:1      | Reached XP level 2. HP: 11/13 MP: 6/6
   454 | D:1      | Learned a level 2 spell: Ensorcelled Hibernation
  1319 | D:1      | Reached skill level 5 in Stealth
  1644 | D:2      | Reached XP level 3. HP: 16/16 MP: 5/8
  1649 | D:2      | Learned a level 3 spell: Confuse
  1660 | D:2      | Found an ornate altar of the Wu Jian Council.
  2494 | D:2      | Reached XP level 4. HP: 15/21 MP: 9/9
  2906 | D:2      | Found an ancient bone altar of Kikubaaqudgha.
  3044 | D:2      | Learned a level 3 spell: Dazzling Spray
  3334 | D:2      | Reached skill level 6 in Stealth
  3460 | D:3      | Found a stormy altar of Qazlal.
  3460 | D:3      | Noticed a water elemental
  3484 | D:3      | Noticed a fire elemental
  3539 | D:3      | Noticed an air elemental
  3540 | D:3      | Noticed an earth elemental
  3643 | D:3      | Found a sparkling altar of Nemelex Xobeh.
  3710 | D:3      | Reached XP level 5. HP: 19/24 MP: 10/10
  4312 | D:3      | Found a basalt altar of Yredelemnul.
  4419 | D:4      | Noticed a phantom
  4423 | D:4      | Killed a phantom
  4423 | D:4      | Reached skill level 5 in Hexes
  4423 | D:4      | Reached XP level 6. HP: 27/28 MP: 12/12
  4460 | D:5      | Entered Level 5 of the Dungeon
  4572 | D:4      | Reached skill level 7 in Stealth
  4749 | D:4      | Found a shimmering blue altar of Sif Muna.
  4832 | D:4      | Noticed Robin
  4838 | D:4      | Killed Robin
  4903 | D:4      | Reached XP level 7. HP: 31/32 MP: 9/14
  5038 | D:4      | Found a staircase to the Ecumenical Temple.
  5050 | Temple   | Entered the Ecumenical Temple
  5201 | Temple   | Became a worshipper of Dithmenos the Shadowed
  5484 | D:5      | Reached skill level 8 in Stealth
  5535 | D:5      | Reached skill level 5 in Dodging
  6258 | D:5      | Reached skill level 5 in Short Blades
  6258 | D:5      | Reached XP level 8. HP: 36/36 MP: 11/15
  6374 | D:6      | Reached * piety under Dithmenos
  6404 | D:6      | Reached skill level 1 in Invocations
  6505 | D:6      | Reached skill level 9 in Stealth
  6562 | D:6      | Reached skill level 5 in Spellcasting
  6566 | D:6      | Found a burning altar of Makhleb.
  6569 | D:6      | Noticed a balrug
  6991 | D:6      | Noticed Pikel
  6995 | D:6      | Killed Pikel
  6995 | D:6      | Reached skill level 10 in Stealth
  7150 | D:7      | Noticed Eustachio
  7152 | D:7      | Reached XP level 9. HP: 32/39 MP: 14/17
  7333 | D:7      | Killed Eustachio
  7333 | D:7      | Reached skill level 11 in Stealth
  8059 | D:7      | Reached ** piety under Dithmenos
  8059 | D:7      | Reached skill level 12 in Stealth
  8236 | D:7      | Found an iron altar of Okawaru.
  8361 | D:7      | Noticed Joseph
  8368 | D:7      | Killed Joseph
  8646 | D:8      | Noticed a troll
  8646 | D:8      | Noticed a two-headed ogre
  8652 | D:8      | Killed a two-headed ogre
  8652 | D:8      | Reached skill level 10 in Hexes
  8652 | D:8      | Reached XP level 10. HP: 43/44 MP: 18/18
  8773 | D:9      | Noticed Prince Ribbit
  8781 | D:9      | Killed Prince Ribbit
  8781 | D:9      | Reached skill level 13 in Stealth
  8893 | D:8      | Found a staircase to the Lair.
  8893 | D:8      | Noticed a death yak
  8897 | D:8      | Noticed a death yak
  8899 | D:8      | Noticed a death yak
  9650 | D:8      | Reached skill level 1 in Fighting
  9706 | D:8      | Noticed a two-headed ogre
  9713 | D:8      | Killed a two-headed ogre
  9888 | D:9      | Found a sacrificial altar of Ru.
  9933 | D:9      | Reached *** piety under Dithmenos
 10186 | D:10     | Entered Level 10 of the Dungeon
 10186 | D:10     | Noticed Erolcha
 10192 | D:10     | Reached skill level 14 in Stealth
 10235 | D:10     | Killed Erolcha
 10235 | D:10     | Reached skill level 10 in Short Blades
 10465 | D:10     | Reached XP level 11. HP: 50/50 MP: 19/19
 10719 | D:11     | Noticed a death knight
 10915 | D:10     | Noticed Erica
 10933 | D:10     | Killed Erica
 10991 | D:10     | Reached **** piety under Dithmenos
 11348 | D:9      | Identified the Grimoire of Unstable Translocation
 11355 | D:9      | Learned a level 3 spell: Teleport Other
 11372 | D:9      | Found a staircase to the Orcish Mines.
 11382 | D:9      | Reached skill level 15 in Stealth
 11491 | Orc:1    | Entered Level 1 of the Orcish Mines
 11672 | D:9      | Reached skill level 1 in Translocations
 12719 | Lair:1   | Entered Level 1 of the Lair of Beasts
 12763 | Lair:1   | Noticed an eight-headed hydra
 13273 | D:8      | Killed a death yak
 13535 | D:7      | Killed a death yak
 13952 | Lair:1   | Killed an eight-headed hydra
 14560 | Lair:1   | Noticed an oklob plant
 14780 | Lair:1   | Killed an oklob plant
 14780 | Lair:1   | Reached XP level 12. HP: 51/55 MP: 20/20
 15206 | Lair:2   | Found a hole to the Spider Nest.
 15465 | Lair:3   | Noticed Sonja
 15468 | Lair:3   | Killed Sonja
 15468 | Lair:3   | Reached skill level 16 in Stealth
 15845 | Lair:3   | Noticed a catoblepas
 15986 | Lair:3   | Killed a catoblepas
 16389 | Lair:3   | Found a staircase to the Swamp.
 16929 | Lair:4   | Noticed a death yak
 16931 | Lair:4   | Noticed a death yak
 16933 | Lair:4   | Noticed a death yak
 17607 | Lair:4   | Killed a death yak
 17646 | Lair:4   | Killed a death yak
 17656 | Lair:4   | Killed a death yak
 17983 | Lair:5   | Reached skill level 17 in Stealth
 17988 | Lair:5   | Reached ***** piety under Dithmenos
 17999 | Lair:5   | Reached XP level 13. HP: 52/59 MP: 9/23
 19002 | Lair:6   | Entered Level 6 of the Lair of Beasts
 19059 | Lair:6   | Reached skill level 10 in Dodging
 19111 | Lair:6   | Reached skill level 5 in Invocations
 19547 | Lair:6   | Reached skill level 18 in Stealth
 19557 | Lair:6   | Found a viscous altar of Jiyva.
 19558 | Lair:6   | Found a staircase to the Slime Pits.
 20470 | Lair:6   | Found a burning altar of Makhleb.
 20655 | Lair:6   | Reached XP level 14. HP: 66/66 MP: 27/27
 20944 | Lair:6   | Found a gateway to Hell.
 21739 | D:11     | Learned a level 4 spell: Petrify
 21833 | D:11     | Reached ****** piety under Dithmenos
 21896 | D:11     | Reached skill level 1 in Transmutations
 22214 | D:11     | Reached skill level 19 in Stealth
 23077 | D:12     | Noticed Frances
 23217 | D:12     | Killed from afar by Frances

Levels and vault maps discovered:
D:1:      minmay_arrival_plants_in_alcoves, layout_loops_corners
D:2:      layout_basic, lemuel_doored_altar, lemuel_crystal_altar,
          supply_closet_lemuel
D:3:      layout_loops_ring, yredelemnul_altar_generic, old_standard_altar,
          nicolae_qazlal_style_of_elements
D:4:      layout_basic, nicolae_overflow_crystal_walls,
          minmay_temple_entry_poolview, uniq_robin
D:5:      layout_layer_cave, serial_rivers, chequers_serial_rivers_room_b,
          chequers_serial_rivers_micro_c, chequers_serial_rivers_small_b,
          chequers_serial_rivers_micro_e, first_ration
D:6:      layout_loops_cross, chequers_mini_garden, makhleb_altar_promises_db,
          uniq_pikel
D:7:      layout_layer_cave, kennysheep_mini_moat, sword_in_stone, uniq_joseph
D:8:      cheibrodos_elevator_heist, layout_loops_ring, dpeg_lair_monsters,
          special_room [special_room_orc], chequers_garden
D:9:      layout_basic, nicolae_ru_great_annihilating_truth,
          minmay_orc_entry_guard_dogs, serial_glass, glass_columns_c,
          glass_columns_b, glass_columns_b, glass_columns_b, glass_columns_b,
          uniq_prince_ribbit1
D:10:     layout_loops_ring, hangedman_little_slice_of_home, minivault_1,
          uniq_erolcha, uniq_erica
D:11:     layout_basic, portal_ice_cave_demonic_guard, kennysheep_generic_room_6
D:12:     layout_cave_pools, minivault_5, uniq_frances
Temple:   regret_index_temple_waves
Lair:1:   dpeg_oklob_gauntlet, layout_long_grid
Lair:2:   layout_cave_shapes, spider_nest_entry_web_field, beast_lair_carwin_4
Lair:3:   layout_loops_ring, swamp_mist, chequers_serial_rivers_large_b,
          uniq_sonja
Lair:4:   layout_regular_city, grunt_megastairs_5
Lair:5:   layout_cave_pods, grunt_megastairs_2, minmay_lair_oklob_chamber
Lair:6:   evil_forest, layout_regular_city, slime_altar_1
Orc:1:    layout_caves

Skill      XL: |  1  2  3  4  5  6  7  8  9 10 11 12 13 14 |
---------------+-------------------------------------------+-----
Hexes          | 4 5 6 8 10 11 12 13 | 13.7
Stealth        | 5 6 7 8 10 12 14 15 17 18 19 | 19.1
Short Blades   | 2 3 4 5 6 8 10 11 12 | 12.0
Spellcasting   | 3 4 5 6 8 |  8.5
Dodging        | 4 5 6 9 12 | 12.7
Invocations    | 1 2 4 6 |  6.4
Fighting       | 2 3 4 |  4.9
Translocations | 4 |  4.9
Transmutations | 3 |  3.0

Action                   |  1- 3 |  4- 6 |  7- 9 | 10-12 | 13-15 || total
-------------------------+-------+-------+-------+-------+-------++-------
Melee: Dagger            |   121 |   247 |   164 |   391 |   335 ||  1258
Throw: Stone             |       |       |       |       |     1 ||     1
 Cast: Ensorcelled Hiber |    22 |    38 |    49 |   142 |   139 ||   390
       Confuse           |       |     1 |    15 |    57 |    51 ||   124
       Dazzling Spray    |       |       |       |    35 |    19 ||    54
Invok: Shadow Step       |       |       |       |     3 |       ||     3
  Use: Scroll            |       |       |     8 |     8 |     3 ||    19
 Stab: Sleeping          |    23 |    27 |    42 |   155 |   121 ||   368
       Confused          |       |     1 |    13 |    20 |    18 ||    52
       Distracted        |       |       |     2 |     5 |     6 ||    13
       Paralysed         |       |       |       |     1 |       ||     1
       Invisible         |       |       |       |    16 |     6 ||    22
  Eat: Ration            |       |     2 |     2 |     7 |     2 ||    13
Armor: Robe              |     2 |    10 |     4 |     5 |     2 ||    23
Dodge: Dodged            |    72 |   137 |    77 |   194 |   236 ||   716
